 Dungeon Crawl Stone Soup version 0.30.1-1-g62c8e00024 (webtiles) character file.

Game seed: 5982708718944756171

105 monsoonserge the Insei (level 4, -1/28 HPs)
             Began as an Octopode Transmuter on July 17, 2023.
             Killed from afar by Natasha (9 damage)
             ... with a magic dart
             ... on level 2 of the Dungeon.
             The game lasted 00:06:18 (1711 turns).

monsoonserge the Insei (Octopode Transmuter)        Turns: 1711, Time: 00:06:19

Health: -1/28      AC:  1    Str: 11    XL:     4   Next: 83%
Magic:  6/7        EV: 13    Int: 15    God:
Gold:   102        SH:  0    Dex: 12    Spells: 4/7 levels left

rFire   . .          .
                       - Unarmed
rCold   . . .        (no shield)
rNeg    . . .        (helmet currently unavailable)
rPois   .            (no amulet)
rElec   .            (no ring)
rCorr   .            (no ring)
SInv    .            (no ring)
Will    .....        (no ring)
Stlth   +++          (no ring)
HPRegen 0.24/turn    (no ring)
MPRegen 0.10/turn    (no ring)
                     (no ring)

%: no passive effects
@: appendages (expiring)
A: tentacle spike 3, almost no armour, amphibious, 8 rings, camouflage 1,
gelatinous body 1, (nimble swimmer 1), tentacles
a: End Transformation


You were on level 2 of the Dungeon.
One of your tentacles had grown a beastly spike.
You visited 1 branch of the dungeon, and saw 2 of its levels.

You collected 102 gold pieces.

Inventory:

Missiles
 b - 4 poisoned darts
 g - 5 boomerangs
Scrolls
 d - 2 scrolls of teleportation {unknown}
 e - 5 scrolls of identify {unknown}
 h - a scroll of torment {unknown}
 j - a scroll of silence {unknown}
Potions
 a - 2 potions of lignification
 c - a potion of heal wounds {unknown}
 f - a potion of might {unknown}
 i - 3 potions of curing {unknown}
 k - a potion of berserk rage {unknown}
 l - a potion of ambrosia {unknown}
 m - a potion of invisibility {unknown}


   Skills:
 - Level 1.0 Fighting
 - Level 2.0 Dodging
 - Level 1.0 Stealth
 * Level 5.1 Unarmed Combat
 - Level 2.0 Spellcasting
 + Level 2.3 Transmutations


You had 4 spell levels left.
You knew the following spells:

 Your Spells              Type           Power      Damage    Failure   Level
a - Beastly Appendage     Tmut           16%        N/A       9%          1
b - Wereblood             Tmut           8%         N/A       13%         2

Your spell library contained the following spells:

 Spells                   Type           Power      Damage    Failure   Level
 Spider Form              Tmut/Pois      5%         N/A       38%         3
 Summon Guardian Golem    Hex/Summ       1%         N/A       54%         3
 Ice Form                 Ice/Tmut       5%         N/A       80%         4
 Anguish                  Hex/Necr       0%         N/A       91%         4
 Silence                  Hex/Air        0%         N/A       99%         5


Dungeon Overview and Level Annotations

Branches:
Dungeon (2/15)

Altars:

Annotations:
D:1 dig
D:2 Natasha


Innate Abilities, Weirdness & Mutations

One of your tentacles has grown a beastly spike.
You cannot wear most types of armour.
You are amphibious.
You can wear up to eight rings at the same time.
Your skin changes colour to match your surroundings (Stealth+).
Your rubbery body absorbs attacks. (AC +1, EV +1)
((You are camouflaged when in or above water. (Stealth+)))
You have tentacles for arms and can constrict up to eight enemies at once.


Message History

You kill the giant cockroach!
You see here a giant cockroach corpse.
You see here a giant cockroach corpse.
You now have 102 gold pieces (gained 5).
Found an escape hatch in the ceiling.
A ball python comes into view.
Casting: Beastly Appendage (safe; 9% risk of failure)
Confirm with . or Enter, or press ? or * to list all spells.
One of your tentacles grows a vicious spike.
The helpless ball python fails to defend itself.
You bludgeon the ball python!
You kill the ball python!
Your transformation is almost over.
Your tentacle spike disappears.
Found a club.
You see here a +0 club.
There is a stone staircase leading up here.
Natasha, Servant of Life and Death comes into view.
You see here a pink potion.
A kobold comes into view.
It is wielding a +0 club and carrying a wand of flame (20).
You see here a pink potion.
i - 3 pink potions (gained 1)
Casting: Beastly Appendage (safe; 9% risk of failure)
Confirm with . or Enter, or press ? or * to list all spells.
One of your tentacles grows a vicious spike.
The kobold shouts!
Your transformation is almost over.
The kobold zaps a wand.
The puff of flame hits you!
The kobold zaps a wand.
The puff of flame hits you!
You barely miss the kobold.
Natasha hisses angrily.
You grab the kobold.
You constrict the kobold, but do no damage.
The kobold hits you with a +0 club.
* * * LOW HITPOINT WARNING * * *
You bludgeon the kobold!
You kill the kobold!
Natasha stares at you and mumbles some strange words.
The magic dart hits you!
You die...

###.......# ##...#.####...##†###
.......##.####..#...# ##....(<..
.......>....##.###..# #.###.###
###>##.##.#.....#..######.###.###
#.##.##.#...#.................#
#.##.##.#...#...####.#..###.#.#
#....##.#............#..# #.#.#
#.(####.##..#.)..h......# #...#
#..# #.##..##@.######..# ###.#
#..####.##..##..# #..# #.#
#.......##..#...# #..# #.#
##.#######..#.#.# #..#####.#
###.## #..#.#.# #.........
##....######..#.#.# #........
..............#.#.# #######.#
..............#.#.# ##########.#
.#.#.#######..#.#.# #..........#


You could see Natasha.

Vanquished Creatures
  Natasha (D:2)
  A gnoll (D:1)
  2 adders (D:2)
  6 ball pythons
  5 bats
  5 endoplasms
  2 giant cockroaches (D:2)
  5 goblins
  8 hobgoblins (D:1)
  4 kobolds
  3 quokkas
  5 frilled lizards
  5 rats
52 creatures vanquished.

Notes
Turn   | Place    | Note
-------+----------+-------------------------------------------
     0 | D:1      | monsoonserge the Octopode Transmuter began the quest for
                  | the Orb.
     0 | D:1      | Reached XP level 1. HP: 13/13 MP: 3/3
   133 | D:1      | Reached XP level 2. HP: 18/18 MP: 3/5
   237 | D:1      | Learned a level 2 spell: Wereblood
   396 | D:1      | Got the Atlas of the Ant
   465 | D:1      | Reached skill level 4 in Unarmed Combat
   498 | D:1      | Reached XP level 3. HP: 4/23 MP: 4/6
  1087 | D:2      | Found a faded altar of an unknown god.
  1238 | D:2      | Reached XP level 4. HP: 26/28 MP: 5/7
  1473 | D:2      | Noticed Natasha
  1487 | D:2      | Killed Natasha
  1488 | D:2      | Reached skill level 1 in Stealth
  1488 | D:2      | Reached skill level 5 in Unarmed Combat
  1699 | D:2      | Noticed Natasha
  1711 | D:2      | Killed from afar by Natasha

Illustrated notes

Levels and vault maps discovered:
D:1:      ncdulo_lavacross, layout_basic, kennysheep_crisscross,
          serial_bayou_pond_e, minmay_misc_feat_iff, due_unseen_surprise
D:2:      layout_loops_ring, basic_ecumenical_altar, uniq_natasha

Skill      XL: |  1  2  3  4 |
---------------+-------------+-----
Unarmed Combat | 4 5 |  5.1
Stealth        | 1 |  1.0
Fighting       | |  1.0
Dodging        | |  2.0
Spellcasting   | |  2.0
Transmutations | |  2.3

Action                     |  1- 3 |  4- 6 || total
---------------------------+-------+-------++-------
  Melee: Unarmed           |    74 |    30 ||   104
         Constrict         |    24 |     5 ||    29
         Kick              |    14 |     6 ||    20
         Tentacles         |    10 |     5 ||    15
         Punch             |     2 |       ||     2
   Cast: Beastly Appendage |    20 |     6 ||    26
         Wereblood         |     1 |       ||     1
   Stab: Sleeping          |     5 |     6 ||    11
 Armour: Skin              |       |     2 ||     2
  Dodge: Dodged            |    39 |    15 ||    54
